 Dungeon Crawl Stone Soup version 0.18-a0-1273-g8ec5f8e (webtiles) character file.

2972 namelastname112 the Archer (level 9, 54/79 HPs)
             Began as a Pale Draconian Hunter on Feb 7, 2016.
             Was an Initiate of Gozag.
             Quit the game on level 8 of the Dungeon.
             The game lasted 00:15:03 (8651 turns).

namelastname112 the Archer (Pale Draconian Hunter)  Turns: 8651, Time: 00:15:03

Health: 54/79      AC:  7    Str: 14    XL:     9   Next: 53%
Magic:  9/9        EV: 16    Int: 11    God:    Gozag
Gold:   85         SH:  0    Dex: 16    Spells: 0 memorised, 8 levels left

rFire  . . .     SeeInvis .     b - +1 rapier (elec)
rCold  . . .     Gourm    .     (armour unavailable)
rNeg   . . .     Faith    .     (no shield)
rPois  .         Spirit   .     (helmet restricted)
rElec  .         Dismiss  .     (no cloak)
rCorr  .         Reflect  .     (no gloves)
SustAt .         Harm     .     (no boots)
MR     .....                    C - amulet of rage
Stlth  ++........               (no ring)
                                (no ring)

@: not resistant to hostile enchantments, unstealthy
A: breathe steam, unfitting armour, cold-blooded, AC +7
a: Breathe Steam, Potion Petition, Call Merchant, Bribe Branch, Renounce
Religion, Evoke Berserk Rage


You were on level 8 of the Dungeon.
You worshipped Gozag.
Gozag was noncommittal.
You were not hungry.

You visited 2 branches of the dungeon, and saw 9 of its levels.

You collected 901 gold pieces.
You paid 816 gold pieces to Gozag.

Inventory:

Hand Weapons
 a - a +1 shortbow
 b - a +1 rapier of electrocution (weapon)
 F - a +2 quarterstaff of speed
Missiles
 c - 49 arrows
 x - 7 curare-tipped needles
Jewellery
 C - an amulet of rage (around neck)
 D - an uncursed ring of poison resistance {unknown}
Wands
 w - a wand of digging (5/24)
 y - a wand of lightning (5/15)
 z - a wand of slowing (28/48)
 G - a wand of acid (12/15)
Scrolls
 e - 11 scrolls of identify {unknown}
 f - a scroll of noise {unknown}
 h - 4 scrolls of teleportation {unknown}
 k - 2 scrolls of recharging {unknown}
 m - 4 scrolls of magic mapping {unknown}
 p - a scroll of amnesia {unknown}
 u - a scroll of enchant armour {unknown}
 v - 6 scrolls of remove curse {unknown}
 A - 2 scrolls of fear {unknown}
 B - a scroll of enchant weapon {unknown}
 E - a scroll of random uselessness {unknown}
Potions
 g - a potion of cure mutation {unknown}
 i - 2 potions of degeneration {unknown}
 j - 3 potions of brilliance {unknown}
 l - a potion of magic {unknown}
 n - 3 potions of curing {unknown}
 o - 6 potions of flight {unknown}
 q - 5 potions of might
 r - a potion of mutation {unknown}
 s - 2 potions of haste {unknown}
 t - 3 potions of heal wounds {unknown}
Comestibles
 d - 5 bread rations


   Skills:
 + Level 7.6 Fighting
 + Level 0.8 Staves
 * Level 9.4 Bows
 + Level 6.2 Dodging
 - Level 0.8 Stealth


You had 8 spell levels left.
You didn't know any spells.

Dungeon Overview and Level Annotations

Branches:
Dungeon (8/15)             Temple (1/1) D:4
   Lair: D:8-11

Altars:
Ashenzari
Cheibriados
Elyvilon
Fedhas
Gozag
Kikubaaqudgha
Makhleb
Nemelex Xobeh
Okawaru
Qazlal
Ru
Sif Muna
Trog
Zin

Shops:
D:8 =


Innate Abilities, Weirdness & Mutations

You can breathe blasts of scalding, opaque steam.
Your pale cyan-grey scales are hard (AC +7).
Your body does not fit into most forms of armour.
You are cold-blooded and may be slowed by cold attacks.


Message History

You now have 800 gold pieces (gained 15).
Things that are here:
a club; a dyed leather armour You now have 804 gold pieces (gained 4).
Things that are here:
a dagger; a robe You now have 810 gold pieces (gained 6).
Things that are here:
a dagger; a robe You now have 813 gold pieces (gained 3). [a] 430 gold - Atsur's Food Shop [b] 800 gold - Vepaef's Distillery [c] 728 gold - Reinitwo's Jewellery Shoppe [d] 710 gold - Quamo's Magic Scroll Boutique Fund which merchant?
You no longer have enough gold to fund merchants seeking to open stores in the dungeon.
Reinitwo invites you to visit his Jewellery Shoppe.
Are you sure you want to abandon this character and quit the game? (Confirm with "yes".)
Okay, then.
Are you sure you want to abandon this character and quit the game? (Confirm with "yes".)

..# ... .......... ..###
#.. ...........
....####..## .........#
..#........ ..........
....#....# #.........
...##....# ###........#
...##....# #...........
........## #.#.........
.........####..[@......#
..........#....[.......#
........#...#.##########
...#....##....#
...##...###)).#
...##........##
...##............#
#####......###...#
#.....## #.....


There were no monsters in sight!

Vanquished Creatures
  Joseph (D:7)
  A troll (D:6)
  Sigmund (D:3)
  The ghost of Stagor the Firebug, an amateur DEFE of Sif Muna (D:4)
  A hungry ghost (D:7)
  Edmund (D:4)
  An orc warrior (D:7)
  A sky beast (D:7)
  An ice beast (D:7)
  4 ogres
  2 giant frogs (D:7)
  A scorpion (D:5)
  3 crimson imps
  2 jellies
  A centaur zombie (D:6)
  3 giant frog zombies
  2 hounds (D:7)
  5 orc priests
  4 orc wizards
  6 worker ants
  3 iguanas
  10 adders
  2 shadow imps (D:6)
  3 oozes
  An adder zombie (D:5)
  4 giant geckos
  25 orcs
  2 ball pythons
  5 bats
  3 giant cockroaches
  4 goblins
  11 hobgoblins
  3 jackals (D:1)
  8 kobolds
  3 quokkas
  2 ball python skeletons (D:4)
  7 giant newts
  A jackal zombie (D:6)
  A quokka zombie (D:6)
  5 rats (D:1)
145 creatures vanquished.

Notes
Turn   | Place    | Note
--------------------------------------------------------------
     0 | D:1      | namelastname112 the Draconian Hunter began the quest for the Orb.
     0 | D:1      | Reached XP level 1. HP: 17/17 MP: 1/1
   384 | D:1      | Reached XP level 2. HP: 20/25 MP: 2/2
   793 | D:1      | HP: 1/25 [hobgoblin/club (3)]
  1211 | D:1      | Reached skill level 4 in Bows
  1392 | D:2      | Reached XP level 3. HP: 22/30 MP: 3/3
  1793 | D:2      | HP: 1/30 [poisoned by an adder]
  2826 | D:3      | Reached XP level 4. HP: 22/38 MP: 4/4
  3260 | D:3      | Reached XP level 5. HP: 14/45 MP: 5/5
  3601 | D:3      | Noticed Sigmund
  3634 | D:4      | Noticed Stagor's ghost (amateur DEFE)
  3697 | D:3      | Killed Sigmund
  3697 | D:3      | Reached skill level 5 in Bows
  3697 | D:3      | Reached XP level 6. HP: 42/52 MP: 6/6
  3969 | D:4      | Found an ancient bone altar of Kikubaaqudgha.
  3969 | D:4      | Found an iron altar of Okawaru.
  3969 | D:4      | Found a bloodstained altar of Trog.
  3970 | D:4      | Found a white marble altar of Elyvilon.
  3971 | D:4      | Found a blossoming altar of Fedhas.
  3972 | D:4      | Found a sacrificial altar of Ru.
  4160 | D:4      | Noticed Edmund
  4209 | D:4      | Killed Edmund
  4332 | D:4      | Reached skill level 6 in Bows
  4332 | D:4      | Reached XP level 7. HP: 50/60 MP: 5/7
  4332 | D:4      | Your scales start taking on a pale cyan-grey colour.
  4364 | D:4      | Found a shattered altar of Ashenzari.
  4414 | D:4      | Killed Stagor's ghost
  4459 | D:4      | Reached skill level 5 in Fighting
  4525 | D:4      | Found a staircase to the Ecumenical Temple.
  4530 | Temple   | Entered the Ecumenical Temple
  4550 | Temple   | Became a worshipper of Gozag Ym Sagoz the Greedy
  4862 | D:5      | Entered Level 5 of the Dungeon
  5175 | D:5      | Reached skill level 7 in Bows
  5175 | D:5      | Reached XP level 8. HP: 37/69 MP: 4/8
  6301 | D:6      | Reached skill level 5 in Dodging
  6470 | D:6      | Found a snail-covered altar of Cheibriados.
  6642 | D:6      | Noticed a troll
  6649 | D:6      | Killed a troll
  6649 | D:6      | Reached skill level 8 in Bows
  7474 | D:7      | Reached XP level 9. HP: 76/78 MP: 9/9
  8150 | D:7      | Noticed Joseph
  8164 | D:7      | Killed Joseph
  8164 | D:7      | Reached skill level 9 in Bows
  8651 | D:8      | Quit the game

Vault maps used:
D:1:      scummos_arrival_hexagon, minmay_misc_feat_ornament,
          minmay_misc_feat_x, minmay_unequal
D:2:      mumra_celtic_spiral_tile
D:3:      first_bread, serial_curves, eino_curves_02, eino_curves_01,
          uniq_sigmund
D:4:      lemuel_round_altar, grunt_temple_overflow_open, temple_doors_b,
          uniq_edmund
D:6:      old_standard_altar, kennysheep_pointless_box
D:7:      uniq_joseph
D:8:      minmay_lair_entry_lava, serial_shops, shop_statue
Temple:   eino_temple_water_12

Action                   |  1- 3 |  4- 6 |  7- 9 || total
-------------------------+-------+-------+-------++-------
Melee: Short sword       |   155 |       |       ||   155
       Rapier            |    12 |   103 |   217 ||   332
 Fire: Shortbow          |    14 |     3 |       ||    17
Invok: Call Merchant     |       |       |     1 ||     1
 Abil: Breathe Steam     |       |       |    17 ||    17
Evoke: Wand              |       |     2 |       ||     2
  Use: Potion            |       |     1 |       ||     1
 Stab: Sleeping          |     3 |     2 |     4 ||     9
  Eat: Chunk             |     5 |     4 |     1 ||    10
       Pizza             |       |     1 |     1 ||     2
       Meat ration       |       |       |     1 ||     1
       Beef jerky        |       |       |     2 ||     2
       Bread ration      |       |       |     2 ||     2
